 Dungeon Sprint DCSS version 0.28-a0-863-g8cecda6153 (webtiles) character file.

Game seed: 17774878520107073161

528 emperorscorpion the Spawn of Chaos (level 7, -9/47 HPs)
             Began as a Djinni Air Elementalist on Nov 18, 2021.
             Was an Initiate of Makhleb.
             Mangled by a two-headed ogre (23 damage)
             ... in the Dungeon (Sprint IX: "|||||||||||||||||||||||||||||").
             The game lasted 00:03:33 (383 turns).

emperorscorpion the Spawn of Chaos (DjAE)            Turns: 383, Time: 00:03:33

Health: -9/47      AC:  4    Str:  7    XL:     7   Next: 48%
Gold:   0          EV: 14    Int: 20    God:    Makhleb [......] SH:  0 Dex: 18

rFire   + + .      SeeInvis .   i - +2 rapier (venom)
rCold   x . .      Faith    .   (no shield)
rNeg    . . .      Spirit   .   a - +0 robe
rPois   ∞          Reflect  .   k - +0 helmet
rElec   .          Harm     .   (no cloak)
rCorr   .          Rampage  .   (no gloves)
Will    .....      NoTele   +   (boots unavailable)
Stlth   ++........              (no amulet)
HPRegen 0.15/turn               m - +3 ring of dexterity
MPRegen 0.00/turn               n - +3 ring of intelligence

@: sluggish, flying, very slow
A: sickness immunity, fire resistance 2, cold vulnerability 1, float, innate
caster, hp casting, extra vitality 1
a: Renounce Religion


You were in the Dungeon.
You worshipped Makhleb.
Makhleb was noncommittal.
You visited 1 branch

Inventory:

Hand Weapons
 g - a +0 dagger
 i - a +2 rapier of venom (weapon)
 j - a +2 scimitar of flaming
Armour
 a - a +0 robe (worn)
 k - a +0 helmet (worn)
 l - a +1 chain mail
Jewellery
 m - a +3 ring of dexterity (left hand)
 n - a +3 ring of intelligence (right hand)
Wands
 h - a wand of iceblast (3)
Potions
 b - 5 potions of curing
 c - a potion of invisibility
 d - a potion of haste
 e - 2 potions of heal wounds


   Skills:
 + Level 1.5 Fighting
 - Level 1.2 Short Blades
 * Level 7.5 Armour
 + Level 5.0 Dodging
 - Level 3.0 Stealth
 + Level 7.2 Spellcasting
 + Level 7.5 Invocations


You had 5 spell levels left.
You knew the following spells:

 Your Spells              Type           Power      Damage    Failure   Level
a - Shock                 Conj/Air       100%       1d9       1%          1
b - Static Discharge      Conj/Air       36%        N/A       1%          2
c - Swiftness             Air            36%        N/A       1%          3
d - Airstrike             Air            18%        N/A       4%          4
e - Foxfire               Conj/Fire      100%       2x1d9     1%          1
f - Scorch                Fire           72%        2d8       1%          2
g - Call Imp              Summ           36%        N/A       1%          2
Your spell library was empty.

Dungeon Overview and Level Annotations

Branches:
Dungeon (1/1)

Altars:
Cheibriados
Dithmenos
Elyvilon
Fedhas
Gozag
Hepliaklqana
Kikubaaqudgha
Makhleb
Nemelex Xobeh
Okawaru
Qazlal
Ru
Sif Muna
Trog
Uskayaw
Vehumet
Wu Jian
Xom
Yredelemnul
Zin
The Shining One
Beogh
Jiyva
Lugonu


Innate Abilities, Weirdness & Mutations

You are immune to sickness and miasma.
You are immune to poison.
Your flesh is very heat resistant. (rF++)
You are vulnerable to cold. (rC-)
You float through the air rather than walking.
You learn spells naturally, not from books.
Your magical power is your life essence.
You have superior vitality. (+4 HP)


Message History

The two-headed ogre is lightly wounded.
The zap hits the howler monkey.
The howler monkey is moderately wounded.
Casting: Shock (safe; 1% risk of failure)
Confirm with . or Enter, or press ? or * to list all spells.
Aiming: Shock (safe; 1% risk of failure)
Press: ? - help, Shift-Dir - straight line, f/p - two-headed ogre
Aim: a two-headed ogre, wielding a +0 dire flail and a +0 giant spiked club (lightly wounded, 88% to hit)
The zap hits the two-headed ogre.
The two-headed ogre is lightly wounded.
The zap hits the howler monkey.
The howler monkey is heavily wounded.
The howler monkey hoots and howls with incredible vigour!
Aiming: Iceblast
Press: ? - help, Shift-Dir - straight line, f/p - two-headed ogre
Aim: a two-headed ogre, wielding a +0 dire flail and a +0 giant spiked club (lightly wounded)
The mass of ice explodes!
The iceblast engulfs the two-headed ogre!
The two-headed ogre is heavily wounded.
Aiming: Iceblast
Press: ? - help, Shift-Dir - straight line, f/p - two-headed ogre
Aim: a two-headed ogre, wielding a +0 dire flail and a +0 giant spiked club (heavily wounded)
The mass of ice explodes!
The iceblast engulfs the two-headed ogre.
The two-headed ogre is heavily wounded.
Aiming: Iceblast
Press: ? - help, Shift-Dir - straight line, f/p - two-headed ogre
Aim: a two-headed ogre, wielding a +0 dire flail and a +0 giant spiked club (heavily wounded)
The mass of ice explodes!
The iceblast engulfs the two-headed ogre!
The two-headed ogre is severely wounded.
Casting: Shock (safe; 1% risk of failure)
Confirm with . or Enter, or press ? or * to list all spells.
The two-headed ogre is struck by an arc of lightning.
The two-headed ogre is severely wounded.
The lightning grounds out.
* * * LOW HITPOINT WARNING * * *
The howler monkey hoots and howls with incredible vigour!
The two-headed ogre hits you with a +0 dire flail!!
You die... ▓▓▓▓▓▓▓▓▓▓▓▓▓▓▓▓▓▓▓▓▓▓▓▓▓▓▓▓▓▓▓▓▓ .).)'.....'_____@O_hZ_____O_h_Z_h ▓▓▓▓▓▓▓▓▓▓▓▓▓▓▓▓▓▓▓▓▓▓▓▓▓▓▓▓▓▓▓▓▓

You could see a two-headed ogre, a howler monkey (catching breath) and a ball python zombie.

Vanquished Creatures
  A troll (D)
  A wyvern (D)
  A black bear (D)
  2 hounds (D)
  An orc (D)
  A bat (D)
  A bat zombie (D)
  A jackal (D)
  3 kobolds (D)
12 creatures vanquished.

Notes
Turn   | Place    | Note
-------+----------+-------------------------------------------
     0 | D        | emperorscorpion the Djinni Air Elementalist began the quest
                  | for the Orb.
     0 | D        | Reached XP level 1. HP: 15/15 MP: 0/0
   121 | D        | Noticed a black bear
   121 | D        | Noticed a hound
   121 | D        | Noticed a hound
   134 | D        | HP: 1/22 [black bear (1)]
   136 | D        | Killed a black bear
   137 | D        | Reached skill level 1 in Fighting
   137 | D        | Reached skill level 1 in Short Blades
   137 | D        | Reached XP level 2. HP: 2/22 MP: 0/0
   137 | D        | Reached XP level 3. HP: 3/27 MP: 0/0
   137 | D        | Learned a level 1 spell: Foxfire
   137 | D        | Reached XP level 4. HP: 3/32 MP: 0/0
   137 | D        | Reached XP level 5. HP: 4/37 MP: 0/0
   137 | D        | Learned a level 2 spell: Scorch
   139 | D        | HP: 2/55 [hound (2)]
   147 | D        | Reached skill level 5 in Dodging
   161 | D        | Found a snail-covered altar of Cheibriados.
   161 | D        | Found a shadowy altar of Dithmenos.
   161 | D        | Found a white marble altar of Elyvilon.
   161 | D        | Found a blossoming altar of Fedhas.
   161 | D        | Found an opulent altar of Gozag.
   162 | D        | Found a hazy altar of Hepliaklqana.
   163 | D        | Found a viscous altar of Jiyva.
   165 | D        | Found a corrupted altar of Lugonu.
   166 | D        | Found a burning altar of Makhleb.
   167 | D        | Found a sparkling altar of Nemelex Xobeh.
   168 | D        | Found an iron altar of Okawaru.
   169 | D        | Found a stormy altar of Qazlal.
   170 | D        | Found a sacrificial altar of Ru.
   172 | D        | Found a bloodstained altar of Trog.
   173 | D        | Found a hide-covered altar of Uskayaw.
   174 | D        | Became a worshipper of Makhleb the Destroyer
   176 | D        | Found an ornate altar of the Wu Jian Council.
   177 | D        | Found a shimmering altar of Xom.
   178 | D        | Found a basalt altar of Yredelemnul.
   179 | D        | Found a glowing silver altar of Zin.
   180 | D        | Found a glowing golden altar of the Shining One.
   345 | D        | Noticed a wyvern
   345 | D        | Noticed a troll
   345 | D        | Noticed a two-headed ogre
   355 | D        | Killed a wyvern
   356 | D        | Reached skill level 5 in Armour
   356 | D        | Reached skill level 5 in Invocations
   356 | D        | Reached XP level 6. HP: 16/42 MP: 0/0
   377 | D        | Killed a troll
   378 | D        | Reached XP level 7. HP: 17/47 MP: 0/0
   378 | D        | Learned a level 2 spell: Call Imp
   383 | D        | Mangled by a two-headed ogre

Illustrated notes

Levels and vault maps discovered:
D:        linesprint [early_d, line_temple, items_1, d_10, items_2, lair_1,
          lair_end, items_3, orc_1, orc_end, items_4, d_15, swamp_1, shoals_1,
          snake_1, spider_1, d_20, vaults_1, items_5, swamp_end, shoals_end,
          snake_end, spider_end, vaults_end, d_27, items_6, zot_1, zot_end,
          crypt_end, forest_end, elf_end, slime_end, tomb_end, abyss_end,
          pan_hell_end]

Skill      XL: |  1  2  3  4  5  6 |
---------------+-------------------+-----
Spellcasting   | 6 7 |  7.2
Fighting       | 1 |  1.5
Short Blades   | 1 |  1.2
Dodging        | 4 5 |  5.0
Stealth        | 2 3 |  3.0
Armour         | 5 7 |  7.5
Invocations    | 5 7 |  7.5

Action                   |  1- 3 |  4- 6 |  7- 9 || total
-------------------------+-------+-------+-------++-------
Melee: Dagger            |     6 |     7 |       ||    13
 Cast: Shock             |    12 |     3 |     2 ||    17
       Static Discharge  |       |     6 |     1 ||     7
       Swiftness         |       |     1 |       ||     1
Evoke: Wand              |       |     4 |     3 ||     7
  Use: Potion            |     1 |     1 |       ||     2
       Scroll            |     1 |     1 |       ||     2
Armor: Robe              |     2 |       |       ||     2
Dodge: Dodged            |    16 |    11 |       ||    27

Table legend: (Time is in decaauts)
 A = Elapsed time spent in this place.
 B = Non-inter-level travel time spent in this place.
 C = Inter-level travel time spent in this place.
 D = Time resting spent in this place.
 E = Time spent auto-exploring this place.
 F = Levels seen in this place.
 G = Mean time per level.
                   A        B        C        D        E       F      G
               +--------+--------+--------+--------+--------+-----+--------+
         Total |    380 |    380 |      0 |    232 |      0 |   1 |  380.0 |
       Dungeon |    380 |    380 |      0 |    232 |      0 |   1 |  380.0 |
               +--------+--------+--------+--------+--------+-----+--------+

Top non-repeatable levels by time:
       D: 380 daAuts
